 Dungeon Sprint DCSS version 0.30-a0-1160-g6e42c06551 (webtiles) character file.

Game seed: 12303766355957478212

182 FlurksSlurper the Covert (level 5, -8/43 HPs)
             Began as a Demonspawn Brigand on Apr 27, 2023.
             Was an Initiate of Gozag.
             Killed from afar by a deep elf pyromancer (9 damage)
             ... with a bolt of fire
             ... in the Dungeon (Sprint V: "Ziggurat Sprint").
             The game lasted 00:01:53 (125 turns).

FlurksSlurper the Covert (Demonspawn Brigand)        Turns: 125, Time: 00:01:54

Health: -8/43      AC: 27    Str: 19    XL:     5   Next: 35%
Magic:  5/5        EV:  0    Int: 13    God:    Gozag
Gold:   261        SH: 28    Dex: 20    Spells: 4/4 levels left

rFire   . . .        b - +6 shillelagh "Devastator" {shatter}
rCold   . . .        H - +18 shield of the Gong {Loud rN+ Will+ rCorr EV-5}
rNeg    + . .        G - +15 Maxwell's patent armour {-Cast -Tele rElec Will+ rCorr}
rPois   .            (no helmet)
rElec   +            c - +0 cloak
rCorr   +            (no gloves)
SInv    .            (no boots)
Will    ++...        (no amulet) Stlth
                     z - +6 ring of dexterity
HPRegen 0.27/turn    D - +6 ring of strength
MPRegen 0.09/turn

%: no teleportation, no spellcasting
@: no status effects
A: claws 1, demonic magic 1
a: Renounce Religion, Potion Petition, Call Merchant, Bribe Branch


You were in the Dungeon.
You worshipped Gozag.
Gozag was aware of your devotion.
You visited 1 branch You collected 261 gold pieces.

Inventory:

Hand Weapons
 a - the +27 heavy crossbow "Sniper" {heavy, Acc+∞ SInv}
   (You found it in the Dungeon)

   Acc+∞: It never misses its target.
   SInv:      It lets you see invisible.
 b - the +6 shillelagh "Devastator" (weapon) {shatter}
   (You found it in the Dungeon)
 F - the +16 obsidian axe {drain, demonic, Mesm Drain Fly SInv}
   (You found it in the Dungeon)

   Mesm:      Its wielder is mesmerised by any visible foes, and it cannot be
   unequipped while any foes are visible.
   SInv:      It lets you see invisible.
   Fly:       It grants you flight.
   Drain:     It drains your maximum health when unequipped.
 J - the +8 storm bow {elec, penet}
   (You found it in the Dungeon)
Missiles
 d - 9 poisoned darts (quivered)
 e - 3 curare-tipped darts
Armour
 c - a +0 cloak (worn)
 g - +5 gold dragon scales
 G - the +15 Maxwell's patent armour (worn) {-Cast -Tele rElec Will+ rCorr}
   (You found it in the Dungeon)

   rElec:     It insulates you from electricity.
   -Cast:     It prevents spellcasting.
   -Tele:     It prevents most forms of teleportation.
   rCorr:     It protects you from acid and corrosion.
   Will:      It increases your willpower.
 H - the +18 shield of the Gong (worn) {Loud rN+ Will+ rCorr EV-5}
   (You found it in the Dungeon)

   Loud:      It is deafeningly noisy when blocking attacks.
   EV:        It affects your evasion (-5).
   rN:        It protects you from negative energy.
   rCorr:     It protects you from acid and corrosion.
   Will:      It increases your willpower.
Jewellery
 z - a +6 ring of dexterity (left claw)
 D - a +6 ring of strength (right claw)
Wands
 u - a wand of mindburst (7)
 v - a wand of iceblast (7)
 w - a wand of acid (7)
 E - a wand of digging (6)
Scrolls
 k - 4 scrolls of blinking
 l - 4 scrolls of amnesia
 m - 7 scrolls of fog
 n - 5 scrolls of identify
 o - 2 scrolls of fear
Potions
 f - 10 potions of curing
 h - 6 potions of haste
 i - 7 potions of magic
 j - 3 potions of berserk rage
 p - 2 potions of brilliance
 q - 2 potions of invisibility
 r - 4 potions of resistance
 t - 5 potions of might
 I - 9 potions of heal wounds


   Skills:
 + Level 4.3 Fighting
 + Level 2.9 Short Blades
 + Level 3.6 Maces & Flails
 + Level 3.3 Ranged Weapons
 + Level 3.0 Throwing
 + Level 2.2 Armour
 + Level 1.2 Dodging
 + Level 8.4 Stealth
 + Level 2.9 Shields


You had 4 spell levels left.
You didn't know any spells.
Your spell library contained the following spells:

 Spells                   Type           Power      Damage    Failure   Level
 Freeze                   Ice            0%         1d3       100%        1
 Sting                    Tmut/Pois      0%         1d3       100%        1
 Cigotuvi's Dreadful Rot  Necr/Pois/Air  0%         N/A       100%        2
 Frozen Ramparts          Ice            0%         1d1       100%        3
 Hailstorm                Conj/Ice       0%         3d3       100%        3
 Ignite Poison            Fire/Tmut/Pois 0%         N/A       100%        3
 Spider Form              Tmut/Pois      0%         N/A       100%        3
 Anguish                  Hex/Necr       0%         N/A       100%        4
 Manifold Assault         Tloc           0%         N/A       100%        4
 Dispersal                Tloc           0%         N/A       100%        6
 Disjunction              Tloc           0%         N/A       100%        8


Dungeon Overview and Level Annotations

Branches:
Dungeon (1/1)

Altars:
Ashenzari
Cheibriados
Dithmenos
Fedhas
Gozag
Hepliaklqana
Kikubaaqudgha
Makhleb
Nemelex Xobeh
Okawaru
Qazlal
Ru
Sif Muna
Trog
Uskayaw
Vehumet
Wu Jian
Xom
Yredelemnul
Jiyva
Lugonu

Annotations:
D 1 transporter


Innate Abilities, Weirdness & Mutations

You have sharp fingernails.
Spells you cast may paralyse adjacent enemies.


Message History

SHROANNG!
You closely miss the +5 flail of protection.
You block the +5 short sword of speed's attack.
GONNNNG!
You block the +5 short sword of speed's attack.
GONNNNG!
The deep elf pyromancer casts a spell.
The +5 flail of protection completely misses you.
The +5 short sword of speed hits you but does no damage. x2
You block the deep elf archer's attack.
PANG!
The +5 flail of protection hits you!
Unknown command.
You feel much better.
You block the +5 short sword of speed's attack.
PANG!
You block the +5 short sword of speed's attack.
GONNNNG!
The +5 flail of protection hits you. The +5 short sword of speed hits you.
The deep elf pyromancer mumbles some strange words.
The deep elf pyromancer blinks!
The deep elf archer points at you and mumbles some strange words.
You resist with almost no effort.
Unknown command.
Unknown command.
You barely miss the deep elf archer.
You block the +5 short sword of speed's attack.
GONNNNG!
You block the +5 flail of protection's attack.
PANG!
You block the +5 short sword of speed's attack.
GONNNNG!
The +5 short sword of speed hits you but does no damage.
The +5 flail of protection hits you!!
Ouch! That really hurt!
* * * LOW HITPOINT WARNING * * *
The deep elf pyromancer casts a spell at you.
The bolt of fire hits you!
You die...
Your body crumbles into a pile of gold.

▓▓▓▓▓▓▓▓▓▓▓▓▓▓▓▓▓▓▓
▓.8©8.▓.8©8.▓.8©8.▓
▓.:)).▓.....▓.....▓
▓..|○.▓.....▓=....▓
▓...○.▓..)..▓.....▓
▓..○E.▓.....▓.....▓
▓.☼e((▓.....▓..©..▓
▓.Ee@.▓..©..▓▓▓▓▓▓▓
▓▓▓▓▓▓▓▓▓▓▓▓▓


You could see a deep elf archer (repels missiles), a deep elf pyromancer, 2 fire
elementals and 2 dancing weapons.

Vanquished Creatures
  2 necrophages (D)
  A wight (D)
  A bat zombie (D)
  A quokka skeleton (D)
5 creatures vanquished.

Notes
Turn   | Place    | Note
-------+----------+-------------------------------------------
     0 | D        | FlurksSlurper the Demonspawn Brigand began the quest for
                  | the Orb.
     0 | D        | Reached XP level 1. HP: 16/16 MP: 1/1
    11 | D        | Found a blossoming altar of Fedhas.
    11 | D        | Found the +6 Majin-Bo {spellvamp, MP+6 Int+6}
    11 | D        | Found the +27 heavy crossbow "Sniper" {heavy, Acc+∞ SInv}
    11 | D        | Found the +10 dark maul {heavy}
    11 | D        | Found the +15 Maxwell's patent armour {-Cast -Tele rElec
                  | Will+ rCorr}
    11 | D        | Found the +18 shield of the Gong {Loud rN+ Will+ rCorr
                  | EV-5}
    11 | D        | Found the +16 obsidian axe {drain, demonic, Mesm Drain Fly
                  | SInv}
    11 | D        | Found the +7 great mace "Firestarter" {flame, immolate,
                  | rFlCloud rF++}
    11 | D        | Found the +6 shillelagh "Devastator" {shatter}
    11 | D        | Found the +11 plutonium sword {Contam Stlth-}
    11 | D        | Found the +8 lance "Wyrmbane" {slay drac, rPois rF+ rC+
                  | AC+3}
    11 | D        | Found the +9 sword of Zonguldrok {reap}
    11 | D        | Found the +13 scythe of Curses {drain, curses, Drain}
    11 | D        | Found the +9 sword of Power {lifebolt}
    11 | D        | Found the +7 mace of Variability {chaos, chaos arc}
    11 | D        | Found the +11 Singing Sword {sonic wave}
    11 | D        | Found the +8 storm bow {elec, penet}
    12 | D        | Found a transporter.
    12 | D        | Found a viscous altar of Jiyva.
    12 | D        | Found an ancient bone altar of Kikubaaqudgha.
    12 | D        | Found a hazy altar of Hepliaklqana.
    12 | D        | Found a corrupted altar of Lugonu.
    12 | D        | Found an opulent altar of Gozag.
    12 | D        | Found a burning altar of Makhleb.
    13 | D        | Found a sacrificial altar of Ru.
    13 | D        | Found a shimmering blue altar of Sif Muna.
    13 | D        | Found a stormy altar of Qazlal.
    13 | D        | Found a bloodstained altar of Trog.
    13 | D        | Found an iron altar of Okawaru.
    13 | D        | Found a sparkling altar of Nemelex Xobeh.
    61 | D        | Became a worshipper of Gozag Ym Sagoz the Greedy
    62 | D        | Gained mutation: You have sharp fingernails. [demonic
                  | ancestry]
    62 | D        | Reached XP level 2. HP: 24/24 MP: 2/2
    71 | D        | Entered arena 2.
    71 | D        | Found a transporter.
    96 | D        | Entered arena 3.
    96 | D        | Noticed a necrophage
    96 | D        | Noticed a necrophage
    96 | D        | Noticed a wight
    96 | D        | Found a transporter.
    99 | D        | Killed a wight
   100 | D        | Reached skill level 1 in Dodging
   100 | D        | Reached skill level 5 in Stealth
   100 | D        | Reached XP level 3. HP: 30/30 MP: 3/3
   101 | D        | Killed a necrophage
   102 | D        | Reached skill level 7 in Stealth
   102 | D        | Reached XP level 4. HP: 37/37 MP: 4/4
   103 | D        | Killed a necrophage
   104 | D        | Reached skill level 8 in Stealth
   104 | D        | Gained mutation: Spells you cast may paralyse adjacent
                  | enemies. [demonic ancestry]
   104 | D        | Reached XP level 5. HP: 43/43 MP: 5/5
   114 | D        | Got the Discursus on Fuming Effluvium
   117 | D        | Got Gaust's Book of Vitriolic Jinxing
   120 | D        | Entered arena 4.
   120 | D        | Noticed a +5 short sword of speed
   120 | D        | Noticed a deep elf archer
   120 | D        | Noticed a deep elf pyromancer
   120 | D        | Noticed a +5 flail of protection
   120 | D        | Found a transporter.
   124 | D        | Noticed a fire elemental
   124 | D        | Noticed a fire elemental
   125 | D        | HP: 1/43 [+5 flail of protection (23)]
   125 | D        | Killed from afar by a deep elf pyromancer

Illustrated notes

Levels and vault maps discovered:
D:        sprint_v [room_start, room_1, room_2, room_3, room_4, room_5, room_6,
          room_7, room_8, room_9, room_10, room_11, room_12, room_13, room_14,
          room_15, room_16, room_17, room_18, room_19, room_20, room_21,
          room_22, room_23, room_24, room_25, room_26, room_27]

Skill      XL: |  1  2  3  4 |
---------------+-------------+-----
Fighting       | 3 4 |  4.3
Maces & Flails | 3 |  3.6
Ranged Weapons | 3 |  3.3
Armour         | 2 |  2.2
Shields        | 2 |  2.9
Short Blades   | 2 |  2.9
Throwing       | 2 3 |  3.0
Dodging        | 1 |  1.2
Stealth        | 5 7 8 |  8.4

Action                     |  1- 3 |  4- 6 || total
---------------------------+-------+-------++-------
  Melee: Shillelagh        |     3 |     4 ||     7
    Use: Potion            |     1 |     1 ||     2
 Armour: Plate armour      |     1 |     5 ||     6
  Dodge: Dodged            |       |     1 ||     1
  Block: Kite shield       |     8 |    12 ||    20

Table legend: (Time is in decaauts)
 A = Elapsed time spent in this place.
 B = Non-inter-level travel time spent in this place.
 C = Inter-level travel time spent in this place.
 D = Time resting spent in this place.
 E = Time spent auto-exploring this place.
 F = Levels seen in this place.
 G = Mean time per level.
                   A        B        C        D        E       F      G
               +--------+--------+--------+--------+--------+-----+--------+
         Total |    125 |    125 |      0 |      0 |      0 |   1 |  125.0 |
       Dungeon |    125 |    125 |      0 |      0 |      0 |   1 |  125.0 |
               +--------+--------+--------+--------+--------+-----+--------+

Top non-repeatable levels by time:
       D: 125 daAuts
